 Dungeon Crawl Stone Soup version 0.30-a0-862-g1aabd4f9c5 (webtiles) character file.

Game seed: 9787168398541826074

1198742 xSliceyx the Archmage (level 27, -1/228 HPs)
             Began as a Djinni Ice Elementalist on Jan 21, 2023.
             Was the Champion of Makhleb.
             Slain by an emperor scorpion (8 damage)
             ... summoned by a royal mummy
             ... while petrified
             ... on level 1 of the Tomb of the Ancients on Mar 9, 2023.
             The game lasted 10:21:56 (76265 turns).

xSliceyx the Archmage (Djinni Ice Elementalist)    Turns: 76265, Time: 10:21:57

Health: -1/228     AC: 19    Str: 10    XL:     27
Gold:   8635       EV:  2    Int: 26    God:    Makhleb [******] SH:  0 Dex: 23

rFire   + + +      SeeInvis +    U - +7 double sword of Prudence {freeze, rElec rC++ Int-5 SInv}
rCold   + + .      Faith    .    n - +5 kite shield
rNeg    + + +      Spirit   .    x - +2 troll leather armour of Magic {+Blink Regen+ Str+4 SInv}
rPois   ∞          Reflect  .    C - +0 helmet of the Ego {rPois rN++ Dex+4 Stlth-}
rElec   +          Rampage  .    k - +2 cloak {rCorr}
rCorr   +                        b - +2 pair of gloves
Will    +++..                    (boots unavailable)
Stlth   +                        q - amulet "Elephor" {Acrobat rF+ Regen+}
HPRegen 2.18/turn                I - ring of protection from cold
MPRegen 0.00/turn                V - ring of Caxemor {rN+ Will+ Int+2}

@: petrified, marked, flying, slowed, studying 4 skills
A: sickness immunity, fire resistance 3, cold vulnerability 1, float, innate
caster, HP casting, extra vitality 1, see invisible, agile 1
}: 14/15 runes: barnacled, slimy, silver, iron, obsidian, icy, bone, abyssal,
demonic, glowing, magical, fiery, dark, gossamer
a: Renounce Religion, Evoke Blink, Minor Destruction, Lesser Servant of Makhleb,
Major Destruction, Greater Servant of Makhleb


You were on level 1 of the Tomb of the Ancients.
You worshipped Makhleb.
Makhleb was exalted by your worship.
You visited 18 branches of the dungeon, and saw 81 of its levels.
You visited Pandemonium 1 time, and saw 17 of its levels.
You visited the Abyss 2 times.
You also visited: Sewer and Gauntlet.

You collected 14258 gold pieces.
You spent 5623 gold pieces at shops.

Inventory:

Hand Weapons
 z - the +3 greatsling "Punk" {acid, rCorr}
   (You found it on level 7 of Gehenna)

   rCorr:     It protects you from acid and corrosion.
 U - the +7 double sword of Prudence (weapon) {freeze, rElec rC++ Int-5 SInv}
   (You took it off a deep elf zephyrmancer on level 3 of the Elven Halls)

   Int:       It affects your intelligence (-5).
   rC:        It greatly protects you from cold.
   rElec:     It insulates you from electricity.
   SInv:      It lets you see invisible.
Missiles
 h - 2 silver javelins
 H - 7 curare-tipped darts
Armour
 b - a +2 pair of gloves (worn)
 k - a +2 cloak of preservation (worn)
 n - a +5 kite shield (worn)
 x - the +2 troll leather armour of Magic (worn) {+Blink Regen+ Str+4 SInv}
   (You found it on level 7 of Tartarus)

   Str:       It affects your strength (+4).
   SInv:      It lets you see invisible.
   +Blink:    It lets you blink.
   Regen:     It increases your rate of health regeneration.
 C - the +0 helmet of the Ego (worn) {rPois rN++ Dex+4 Stlth-}
   (You found it on level 5 of the Vaults)

   Dex:       It affects your dexterity (+4).
   rPois:     It protects you from poison.
   rN:        It greatly protects you from negative energy.
   Stlth:     It makes you less stealthy.
Jewellery
 q - the amulet "Elephor" (around neck) {Acrobat rF+ Regen+}
   (You acquired it on level 14 of the Dungeon)

   [amulet of the acrobat]

   It increases your evasion while moving and waiting.
   rF:        It protects you from fire.
   Regen:     It increases your rate of health regeneration.
 I - a ring of protection from cold (left hand)
 J - the ring of Imocvago {rElec rN++ Will- EV+5 Slay+3}
   (You took it off a tengu reaver on level 3 of the Depths)

   [ring of evasion]

   EV:        It affects your evasion (+5).
   Slay:      It affects your accuracy & damage with ranged weapons and melee
   (+3).
   rElec:     It insulates you from electricity.
   rN:        It greatly protects you from negative energy.
   Will:      It decreases your willpower.
 L - the ring of Plog {rElec rN+ SInv}
   (You found it on level 3 of the Crypt)

   [ring of positive energy]

   rElec:     It insulates you from electricity.
   rN:        It protects you from negative energy.
   SInv:      It lets you see invisible.
 V - the ring of Caxemor (right hand) {rN+ Will+ Int+2}
   (You found it on level 3 of the Crypt)

   [ring of positive energy]

   Int:       It affects your intelligence (+2).
   rN:        It protects you from negative energy.
   Will:      It increases your willpower.
 X - the ring of the Peasants {Wiz Dex+5 Stlth+}
   (You found it on level 4 of the Shoals)

   [ring of wizardry]

   It improves your spell success rate.
   Dex:       It affects your dexterity (+5).
   Stlth:     It makes you more stealthy.
Wands
 a - a wand of digging (9)
 f - a wand of flame (103)
 l - a wand of light (5)
 N - a wand of iceblast (57)
 Y - a wand of polymorph (5)
Scrolls
 g - 5 scrolls of butterflies
 j - 22 scrolls of fog
 o - 5 scrolls of enchant armour
 p - 9 scrolls of fear
 t - 8 scrolls of immolation
 v - 30 scrolls of teleportation
 A - 9 scrolls of blinking
 E - 3 scrolls of magic mapping
 S - 6 scrolls of poison
Potions
 d - 15 potions of curing
 e - 2 potions of resistance
 i - 10 potions of heal wounds
 r - 5 potions of cancellation
 w - 3 potions of mutation
 B - 16 potions of lignification
 D - 6 potions of brilliance
 G - 5 potions of haste
 M - 9 potions of might
 O - 9 potions of invisibility
 T - 5 potions of ambrosia
Miscellaneous
 c - a condenser vane
 m - the horn of Geryon
 u - a box of beasts
 y - a phantom mirror
 F - a tin of tremorstones (2/2)
 K - a phial of floods
 Q - a lightning rod (4/4)


   Skills:
 O Level 27 Fighting
 - Level 21.1 Armour
 O Level 27 Dodging
 - Level 1.5 Stealth
 + Level 22.1 Shields
 O Level 27 Spellcasting
 O Level 27 Invocations
 - Level 10.0 Evocations


You knew the following spells:

 Your Spells              Type           Power      Damage    Failure   Level
a - Freeze                Ice            100%       1d10      0%          1
b - Frozen Ramparts       Ice            100%       1d16      0%          3
c - Ozocubu's Armour      Ice            100%       N/A       0%          3
d - Summon Ice Beast      Ice/Summ       100%       N/A       0%          4
e - Necrotise             Necr           100%       1d9       0%          1
f - Wereblood             Tmut           100%       N/A       0%          2
g - Stone Arrow           Conj/Erth      100%       3d13      0%          3
h - Cause Fear            Hex            54%        N/A       0%          4
i - Animate Dead          Necr           100%       N/A       0%          4
j - Borgnjor's Vile Clut  Necr/Erth      54%        N/A       0%          5
k - Eringya's Noxious Bo  Tmut/Pois      54%        N/A       0%          6
l - Summon Hydra          Summ           54%        N/A       0%          7
m - Death Channel         Necr           54%        N/A       0%          6
n - Haunt                 Necr/Summ      54%        N/A       0%          7
o - Ozocubu's Refrigerat  Ice            54%        4d19      0%          7
p - Chain Lightning       Conj/Air       54%        3d72      1%          9
q - Polar Vortex          Ice            54%        N/A       1%          9
Your spell library was empty.

Dungeon Overview and Level Annotations

Branches:
Dungeon (15/15)            Temple (1/1) D:4            Lair (5/5) D:11
 Shoals (4/4) Lair:3       Spider (4/4) Lair:2        Slime (5/5) Lair:4
    Orc (2/2) D:11            Elf (3/3) Orc:2        Vaults (5/5) D:13
  Crypt (3/3) Vaults:2       Tomb (1/3) Crypt:3      Depths (4/4) D:15
   Hell (visited)             Dis (7/7) Hell            Geh (7/7) Hell
    Coc (7/7) Hell            Tar (7/7) Hell            Zot (1/5) Depths:4
  Sewer (visited)         Gauntlet (visited)

Altars:
Ashenzari
Cheibriados
Dithmenos
Elyvilon
Fedhas
Gozag
Hepliaklqana
Makhleb
Nemelex Xobeh
Okawaru
Qazlal
Ru
Trog
Uskayaw
Wu Jian
Xom
Yredelemnul
Zin
The Shining One
Jiyva

Shops:
D:12 !   Orc:1 [   Orc:2 [[(*   Elf:1 =!   Elf:2 !   Shoals:2 :(?:[
Shoals:4 :   Vaults:2 ?   Vaults:5 [   Depths:1 *   Depths:4 ==:

Portals:
Hell: Depths:1 Depths:2 Depths:3 Depths:4
Abyss: Depths:1 Depths:3
Pandemonium: Depths:2
Ziggurat: Depths:1


Innate Abilities, Weirdness & Mutations

You are immune to sickness and miasma.
You are immune to poison.
Your flesh is almost immune to the effects of heat. (rF+++)
You are vulnerable to cold. (rC-)
You float through the air rather than walking.
You learn spells naturally, not from books.
Your magical power is your life essence.
You have superior vitality. (+4 MHP)
You have supernaturally acute eyesight. (SInv)
You are agile. (Dex +4, Str/Int -1)


Message History

* * * LOW HITPOINT WARNING * * *
The death scarab bites you!!
* * * LOW HITPOINT WARNING * * *
The death scarab drains your vigour!
You feel as though you will be slow longer.
The flying skull hits you but does no damage.
The death scarab bites you but does no damage.
The death scarab bites you!!
* * * LOW HITPOINT WARNING * * *
The death scarab drains your vigour!
You feel as though you will be slow longer.
The emperor scorpion stings you!
* * * LOW HITPOINT WARNING * * *
The emperor scorpion claws you but does no damage. x2
The emperor scorpion stings you but does no damage.
The emperor scorpion claws you but does no damage. x2
The guardian mummy hits you!
* * * LOW HITPOINT WARNING * * *
The death scarab bites you.
* * * LOW HITPOINT WARNING * * *
The lich gestures wildly while chanting.
The lich flickers and vanishes for a moment.
The death scarab bites you but does no damage.
The flying skull hits you.
The death scarab bites you but does no damage.
A flying skull comes into view.
The death scarab bites you!
* * * LOW HITPOINT WARNING * * *
The death scarab drains your vigour!
You feel as though you will be slow longer.
The death scarab bites you!!
* * * LOW HITPOINT WARNING * * *
The death scarab drains your vigour!
You feel as though you will be slow longer.
The emperor scorpion stings you but does no damage.
The emperor scorpion claws you but does no damage.
The emperor scorpion claws you.
* * * LOW HITPOINT WARNING * * *
The emperor scorpion stings you!
You die...

,,,,,,,*,,#.......†...#,,*,,,,,,,
,,,,,,,*,,#.z...†...L.#,,*,,,,,,,
,,,,,,,*,,#.z8.....8..#,,*,,,,,,,
8,,,*,,*,,#....†[.....#,,*,,*,,,8
,,,,*,,*,,#..b...^....#,,*,,*,,,,
,,,,*,,*,,#.)8..^..8..#,,*,,*,,,,
*++**,,*,,#.....M.....#,,*,,**++*
,,,,*,,*,,#...zMzs....#,,*,,*,,,,
,,,,*,,*,,#..8WB@s^8.†#,,*,,*,,,,
,,,,*,,,,,#....BsB....#,,,,,*,,,,
,,,,*,,,,,#.....B.....#,,,,,*,,,>
**********###......†###**********
,,,,,,,,,,,*##''s''##*,,,,,,,,,,,
,,,,,,,,^,,*#.†.....#*,,,,,,,,,,,
*********,,*#.8...8.#*,,,********
,,,,,,,,,,,*#.......#*,,,,,,,,,,,
,,,,^,,,,,,*#.......#*,,,,,,,,,,,


You could see a royal mummy, 4 emperor scorpions, a lich (invisible), a bennu,
an ancient champion, a guardian mummy, a freezing wraith (summoned), 4 death
scarabs, 2 flying skulls and a wight (summoned).

Vanquished Creatures
  Cerebov (Pan)
  Antaeus (Coc:7)
  Asmodeus (Geh:7)
  the Royal Jelly (Slime:5)
  Ereshkigal (Tar:7)
  Gloorx Vloq (Pan)
  Lom Lobon (Pan)
  the Serpent of Hell (Geh:7)
  A seraph (Pan)
  Mnoleg (Pan)
  3 dread liches
  6 ancient liches
  An orb of fire (Zot:1)
  3 juggernauts (Dis:7)
  Mennas (Pan)
  Boris (Tomb:1)
  12 shard shrikes (Coc:7)
  A royal mummy (Tomb:1)
  Bai Suzhen (Elf:3)
  A curse toe (Zot:1)
  36 caustic shrikes
  Xtahua (Crypt:2)
  4 golden dragons
  Jory (Crypt:3)
  19 bone dragons
  4 profane servitors
  2 pearl dragons (Pan)
  An electric golem (Zot:1)
  17 Tzitzimimeh
  11 tentacled monstrosities
  6 doom hounds
  8 iron giants
  14 Hell Sentinels
  7 hellephants
  12 Brimstone Fiends
  A spectral shard shrike (Tar:6)
  Rupert (Orc:2)
  13 tainted leviathans
  2 walking earthen tomes
  16 Ice Fiends
  A walking crystal tome (Depths:3)
  A shard shrike skeleton (Tar:7)
  4 liches
  A deep elf master archer (Elf:3)
  A walking frostbound tome (Depths:3)
  19 searing wretches
  10 titans
  5 quicksilver dragons
  2 pandemonium lords (Pan)
  21 acid blobs
  2 deep elf blademasters
  21 Executioners
  Polyphemus (Shoals:2)
  21 ancient champions
  9 sphinxes
  Frances (D:12)
  Gastronok (D:8)
  5 tentacled starspawn
  A sphinx (shapeshifter) (Vaults:5)
  A death cob (Zot:1)
  6 shadow dragons
  5 tengu reavers
  Agnes (Elf:1)
  A fenstrider witch (shapeshifter) (Vaults:4)
  The ghost of pigah the Alchemist, an adept OpWn of Gozag (Elf:2)
  A revenant (Crypt:1)
  3 storm dragons (Zot:1)
  18 azure jellies
  10 quicksilver elementals
  2 draconian knights (Zot:1)
  18 daevas
  23 narguns
  A spectral juggernaut (Tar:3)
  26 fire giants
  13 rockslimes
  10 frost giants
  5 draconian scorchers
  3 demonspawn warmongers (Pan)
  9 caustic shrike zombies
  27 balrugs
  4 juggernaut zombies
  6 emperor scorpions
  6 vault wardens
  A ghost moth (Spider:4)
  2 spectral caustic shrikes
  2 draconian shifters (Zot:1)
  5 iron dragons
  4 curse skulls
  4 deep elf sorcerers
  9 shard shrike simulacra
  2 ghouls
  Louise (D:14)
  32 angels (Pan)
  A draconian stormcaller (Zot:1)
  A deep elf elementalist (Elf:3)
  3 orc warlords
  7 draconian annihilators
  A doom hound zombie (Tar:7)
  28 cacodemons
  21 reapers
  16 quicksilver oozes
  15 ironbound preservers
  37 war gargoyles
  4 spriggan defenders
  2 broodmothers
  4 demonspawn corrupters (Pan)
  14 vampire knights
  22 very ugly things
  17 stone giants
  A demonspawn blood saint (Pan)
  9 green draconians
  28 apis (Pan)
  Nessos (D:13)
  3 deep elf demonologists
  6 dire elephants
  18 ophanim (Pan)
  17 elemental wellsprings
  A spectral titan (Tar:1)
  3 demonspawn black suns (Pan)
  6 putrid mouths
  6 deep elf annihilators
  8 white draconians (Zot:1)
  13 wendigos
  6 black draconians (Zot:1)
  8 lorocyprocas
  6 spark wasps
  6 purple draconians
  A minotaur (Gauntlet)
  A yellow draconian (Zot:1)
  3 red draconians (Zot:1)
  12 green deaths (Pan)
  4 mummy priests (Tomb:1)
  8 deep elf death magi
  14 eidola
  13 iron golems
  5 blizzard demons
  2 pearl dragon zombies (Crypt:3)
  3 merfolk impalers
  A spectral golden dragon (Tar:2)
  A spectral quicksilver dragon (Tar:4)
  16 jiangshi
  8 ettins
  3 entropy weavers
  11 fire dragons
  9 merfolk javelineers
  14 yaktaur captains
  A quicksilver dragon zombie (Crypt:3)
  4 deep elf high priests
  A spectral spriggan (Tar:1)
  11 great orbs of eyes
  30 vault guards
  7 ice dragons
  4 caustic shrike simulacra
  7 rakshasas
  A peacekeeper (Vaults:4)
  A radroach (Spider:4)
  2 salamander tyrants (Geh:4)
  4 stokers
  4 hydras
  4 hell beasts
  4 ogre magi
  3 juggernaut simulacra
  15 centaur warriors
  An anaconda (shapeshifter) (Depths:4)
  5 spriggan air magi
  A jorogumo (Spider:1)
  The ghost of Zonian the Grappler, a journeyman VSTm of Uskayaw (Lair:3)
  3 boulder beetles
  3 death knights
  10 two-headed ogres
  A spriggan skeleton (Pan)
  8 merfolk aquamancers
  3 ironbound frosthearts
  9 death yaks
  25 dancing weapons
  20 vampire magi
  4 tengu warriors
  25 death scarabs (Tomb:1)
  A spectral naga (Tar:3)
  4 spriggan berserkers
  23 hell hogs
  3 storm dragon zombies
  5 deep troll earth magi
  24 soul eaters
  A titan zombie (Hell)
  40 sun demons
  5 thrashing horrors (Abyss:4)
  11 crystal echidnas
  2 orc high priests (Orc:2)
  An emperor scorpion zombie (Crypt:3)
  23 hell knights
  2 spectral bunyips (Tar:1)
  9 wretched stars
  2 pharaoh ants
  Amaemon (Lair:3)
  22 deep elf knights
  2 spectral anacondas
  A storm dragon skeleton (Pan)
  2 golden dragon zombies
  38 deep trolls
  22 skeletal warriors
  2 sun moths (Spider:3)
  35 shadow wraiths
  26 sixfirhies
  A bunyip zombie (Crypt:3)
  9 sea snakes
  17 cherubim (Pan)
  2 spark wasp zombies (Hell)
  3 anaconda zombies
  A spectral hydra (Tar:4)
  10 deep elf archers
  2 bog bodies (Crypt:3)
  2 quicksilver dragon simulacra (Coc:7)
  4 shadow demons (Pan)
  6 glowing orange brains
  3 shadow dragon zombies (Hell)
  6 flayed ghosts
  9 orb spiders
  3 kraken simulacra (Coc:7)
  13 phantasmal warriors
  5 spriggan simulacra
  Pikel (D:8)
  2 anaconda skeletons
  7 lindwurms
  22 wolf spiders
  3 ironbound convokers
  A harpy (shapeshifter) (Elf:2)
  6 starcursed masses
  13 wizards
  24 deep elf pyromancers
  2 sphinx zombies
  16 orc knights
  A steelbarb worm (Spider:3)
  22 deep elf zephyrmancers
  7 necromancers
  8 shining eyes
  8 harpies
  A frost giant zombie (Hell)
  An iron dragon zombie (Dis:3)
  A stone giant zombie (Crypt:3)
  34 ugly things
  2 orc sorcerers
  7 moths of wrath
  6 manticores
  5 fauns (Shoals:1)
  A fire giant zombie (Hell)
  A spectral centaur (Tar:1)
  17 elephants
  5 cyclopes
  2 spectral alligator snapping turtles
  4 apis skeletons (Crypt:3)
  6 rust devils (Hell)
  Joseph (D:8)
  8 eyes of devastation
  Maurice (D:9)
  5 vault sentinels
  5 black mambas
  A black mamba (shapeshifter) (Vaults:1)
  A titan simulacrum (Coc:1)
  36 orange demons
  A guardian serpent (Lair:5)
  An ice statue (Coc:7)
  A torpor snail (shapeshifter) (Vaults:5)
  A dire elephant zombie (Tar:7)
  2 gargoyles (D:13)
  20 smoke demons
  2 molten gargoyles (Hell)
  3 merfolk sirens
  8 demonic crawlers
  A water nymph (Shoals:4)
  3 torpor snails
  8 freezing wraiths
  A kobold demonologist (D:11)
  2 unseen horrors (Pan)
  An orb spider zombie (Spider:4)
  9 cane toads
  A storm dragon simulacrum (Coc:1)
  15 hellions
  Maggie (D:7)
  A redback zombie (Spider:4)
  6 rime drakes
  18 tormentors
  2 bunyip simulacra (Coc:1)
  A green draconian zombie (Crypt:3)
  A centaur skeleton (Tomb:1)
  4 tengu conjurers
  7 efreet
  17 yaktaurs
  2 sea snake zombies
  11 ice devils
  7 anaconda simulacra
  6 komodo dragons
  2 golden dragon simulacra
  13 guardian mummies
  An iron giant simulacrum (Coc:6)
  2 silent spectres
  3 harpy zombies
  3 spectral harpies
  A red devil (Pan)
  9 trolls
  2 wind drakes
  A demonic crawler zombie (Spider:3)
  16 merfolk
  3 polar bears
  A hornet (Lair:5)
  3 meliai (Spider:1)
  20 hellwings
  2 small abominations (Abyss:4)
  19 tarantellas
  Prince Ribbit (D:7)
  5 blink frogs
  7 raiju
  3 dream sheep
  A jumping spider (shapeshifter) (Vaults:5)
  2 harpy skeletons
  37 large abominations
  8 snapping turtles
  An ettin zombie (Hell)
  9 spriggan zombies
  14 culicivoras
  111 slime creatures
  17 flying skulls
  An iron dragon simulacrum (Coc:2)
  18 jumping spiders
  4 shadows
  A stone giant simulacrum (Coc:2)
  3 centaur simulacra
  20 ynoxinuls (Pan)
  4 air elementals
  31 yaks
  11 wraiths
  7 wyverns
  2 black mamba zombies (Crypt:3)
  6 water elementals
  3 fire bats (Abyss:4)
  A fire bat (shapeshifter) (Depths:3)
  22 vampires (Crypt:3)
  An ushabti (Tomb:1)
  Grum (D:8)
  2 alligator snapping turtle simulacra (Coc:3)
  6 dire elephant simulacra
  4 elf zombies (Elf:2)
  6 steam dragons
  A redback (shapeshifter) (Vaults:5)
  13 golden eyes
  5 basilisks
  4 chaos spawn
  A black mamba skeleton (Crypt:3)
  4 fire elementals
  4 hogs (Shoals:1)
  12 vampire mosquitoes
  18 humans (D:13)
  28 redbacks
  14 neqoxecs (Pan)
  A wind drake skeleton (Crypt:2)
  6 merfolk zombies
  10 wargs
  4 hydra simulacra
  2 naga zombies
  17 harpy simulacra
  5 acid dragons
  26 water moccasins
  A deep troll zombie (Vaults:2)
  6 floating eyes
  A two-headed ogre skeleton (Crypt:2)
  2 naga skeletons (Pan)
  A merfolk simulacrum (Coc:1)
  2 swamp drakes (Lair:5)
  45 orc warriors
  4 black bears
  5 ettin simulacra
  2 ice beasts
  2 sky beasts
  8 ogres
  15 wolves
  2 lemures (D:8)
  2 phantoms
  9 centaurs
  A fire crab zombie (Crypt:1)
  5 kobold brigands
  A yaktaur zombie (Crypt:2)
  2 necrophages
  12 bullfrogs
  A gnoll sergeant (D:8)
  A naga simulacrum (Coc:2)
  21 scorpions
  9 wights
  A wyvern skeleton (Crypt:2)
  8 killer bees
  A shapeshifter zombie (Crypt:1)
  A dream sheep simulacrum (Lair:3)
  A rime drake simulacrum (Lair:3)
  2 shapeshifter skeletons
  3 electric eels
  A crimson imp (D:8)
  3 hounds
  A centaur zombie (Crypt:2)
  7 jellies
  17 orc priests
  Crazy Yiuf (D:2)
  2 gnoll boudas
  5 iguanas
  Jessica (D:2)
  Terence (D:2)
  22 orc wizards
  7 hell rats (Hell)
  A polar bear simulacrum (Lair:3)
  A tengu skeleton (Crypt:2)
  A basilisk simulacrum (Lair:3)
  15 mummies
  11 gnolls
  A steam dragon zombie (Crypt:1)
  14 adders
  5 river rats
  2 shadow imps
  2 white imps (Gauntlet)
  3 ufetubi
  An orc zombie (Orc:2)
  6 worms
  4 dart slugs
  90 orcs
  18 bats
  9 endoplasms
  6 giant cockroaches
  11 goblins
  6 hobgoblins
  9 jackals
  3 quokkas
  13 ball pythons
  3 frilled lizards
  A hobgoblin skeleton (Crypt:3)
  23 kobolds
  11 rats
  A rat skeleton (Crypt:1)
  2 creeping infernos
  16 fire vortices
  A lurking horror (Abyss:4)
  5 starspawn tentacles
  5 tentacles (Coc:7)
3347 creatures vanquished.

Vanquished Creatures (collateral kills)
  A dread lich (Vaults:5)
  Dispater (Dis:7)
  Mara (Elf:3)
  Boris (thrice) (Vaults:3 Depths:2 Depths:4)
  Saint Roka (Vaults:3)
  5 golden dragons
  A tentacled monstrosity (Vaults:5)
  Zenata (Vaults:2)
  An Ice Fiend (Coc:7)
  A Hell Sentinel (Pan)
  A lich (Depths:1)
  2 acid blobs
  An ancient champion (Dis:2)
  3 tengu reavers
  A shadow dragon (Depths:4)
  Kirke (Shoals:1)
  3 frost giants
  2 storm dragons
  Ilsuiw (Shoals:3)
  A fire giant (Depths:1)
  An azure jelly (Slime:1)
  2 deep elf sorcerers
  A draconian monk (Depths:4)
  3 iron dragons
  The ghost of Haunul the Devastator, an adept GrCj of Vehumet (Spider:2)
  9 vault wardens
  4 quicksilver elementals
  3 emperor scorpions
  9 ironbound preservers
  A ghost moth (Spider:4)
  An orc warlord (Vaults:2)
  3 deep elf elementalists (Elf:3)
  4 war gargoyles
  An ironbound thunderhulk (Vaults:4)
  4 very ugly things
  2 quicksilver oozes
  4 broodmothers
  4 stone giants
  A black draconian (Abyss:4)
  A vampire knight (Depths:2)
  A red draconian (Depths:4)
  2 deep elf annihilators
  A white draconian (Depths:4)
  6 spark wasps
  3 dire elephants
  An iron golem (Dis:1)
  A merfolk impaler (Shoals:4)
  A crystal guardian (Vaults:1)
  9 ettins
  2 fire dragons
  A deep elf high priest (Vaults:5)
  A jiangshi (Depths:1)
  6 yaktaur captains
  4 merfolk javelineers
  Josephine (D:14)
  An entropy weaver (Spider:2)
  6 great orbs of eyes
  A rakshasa (Depths:1)
  2 peacekeepers (Vaults:1)
  2 catoblepae
  A juggernaut simulacrum (Pan)
  2 vault guards (Vaults:1)
  2 boulder beetles (Vaults:1)
  An ogre mage (Vaults:1)
  10 ice dragons
  2 spriggan air magi
  2 hydras
  2 radroaches
  4 dancing weapons (Elf:2)
  A merfolk aquamancer (Shoals:1)
  9 ironbound frosthearts
  2 alligator snapping turtles (Shoals:4)
  A satyr (shapeshifter) (Vaults:5)
  3 merfolk avatars
  3 centaur warriors
  2 tengu warriors (Depths:1)
  A death yak (Lair:3)
  A spriggan berserker (Depths:1)
  A two-headed ogre (Vaults:5)
  7 deep elf knights
  4 skysharks
  A wretched star (Abyss:4)
  3 crystal echidnas
  A sun moth (Spider:4)
  15 deep trolls
  2 pharaoh ants
  5 orb spiders
  6 sea snakes
  A quicksilver dragon simulacrum (Depths:1)
  4 deep elf archers
  A glowing orange brain (Vaults:4)
  2 swamp dragons
  6 lindwurms
  A steelbarb worm (Spider:4)
  2 orc knights (Vaults:2)
  2 phantasmal warriors
  13 deep elf zephyrmancers
  6 wizards
  12 harpies
  4 ironbound convokers
  5 deep elf pyromancers
  10 ugly things
  An orc sorcerer (Orc:2)
  3 cyclopes
  4 fauns
  10 wolf spiders
  2 salamanders
  A moth of wrath (Spider:2)
  11 manticores
  2 elephants (Lair:5)
  4 merfolk sirens
  3 water nymphs (Shoals:3)
  9 demonic crawlers
  A torpor snail (Spider:3)
  17 vault sentinels
  3 black mambas (Lair:5)
  11 yaktaurs
  2 cane toads
  A tormentor (Tar:7)
  2 rime drakes (Lair:5)
  A redback zombie (Spider:4)
  2 tengu conjurers (Depths:2)
  An ice devil (Pan)
  2 freezing wraiths
  16 merfolk
  8 snapping turtles
  8 tarantellas
  4 wind drakes
  2 polar bears (Vaults:2)
  A tarantella zombie (Spider:2)
  A hornet (Lair:5)
  9 jumping spiders
  6 dream sheep
  6 slime creatures
  2 air elementals (Elf:2)
  6 culicivoras
  A ynoxinul (Pan)
  A centaur simulacrum (D:14)
  3 yaks
  9 water elementals
  19 redbacks
  A fire elemental (Elf:2)
  4 wyverns (Lair:5)
  A basilisk (Lair:5)
  2 hogs (Shoals:1)
  A hydra simulacrum (Coc:7)
  8 water moccasins
  An orc warrior (Vaults:3)
  An ice beast (Vaults:2)
  An elephant zombie (Lair:4)
  A lindwurm zombie (Vaults:2)
  A boggart (Vaults:2)
  5 wolves (Lair:4)
  An ettin simulacrum (Coc:7)
  3 orc zombies (Vaults:2)
  4 centaurs (D:14)
  12 scorpions (Spider:2)
  A hound (shapeshifter) (Vaults:5)
  An orc priest (Vaults:3)
  5 jellies (Lair:4)
  3 iguanas (Lair:5)
  A shadow imp (D:6)
  A white imp (D:6)
  An ufetubus (D:4)
  2 worms (D:3)
  A dart slug (D:2)
  5 orcs
  2 bats (Sewer)
  6 endoplasms
  A jackal (Sewer)
  A kobold (D:2)
  A quokka (Sewer)
  4 ball pythons
  2 frilled lizards (Sewer)
  A bush (Lair:5)
  A fungus (Lair:3)
588 creatures vanquished.

Vanquished Creatures (others)
  Geryon (Hell)
  An eldritch tentacle (Pan)
  A shard shrike simulacrum (Coc:7)
  A deep elf elementalist (Elf:3)
  An angel (D:6)
  3 very ugly thing zombies (Vaults:4)
  A spriggan air mage (Depths:1)
  2 emperor scorpion zombies (Spider:4)
  A shadow dragon zombie (Vaults:5)
  A deep elf zephyrmancer (Elf:3)
  A broodmother zombie (Spider:1)
  10 wolf spider zombies
  10 ugly thing zombies
  2 fire giant zombies (Depths:1)
  2 stone giant zombies (Depths:1)
  11 centaur zombies
  A rust devil (Hell)
  A death yak zombie (Lair:3)
  3 spriggan zombies (Depths:1)
  3 orb spider zombies
  11 redback zombies
  An iron giant simulacrum (Coc:7)
  2 hydra zombies
  A demonic crawler zombie (Spider:4)
  A merfolk (Shoals:2)
  12 tarantella zombies
  7 jumping spider zombies
  2 fire dragon zombies (Depths:1)
  A sun moth zombie (Spider:3)
  A meliai zombie (Spider:1)
  4 culicivora zombies
  2 radroach zombies (Spider:4)
  An ettin zombie (Depths:1)
  A water elemental (Elf:1)
  An air elemental (Elf:1)
  A black mamba zombie (Lair:4)
  3 slime creature zombies (Vaults:1)
  A human (Shoals:1)
  An alligator snapping turtle simulacrum (Coc:2)
  A tengu zombie (Depths:1)
  7 deep troll zombies
  2 skyshark zombies (Shoals:2)
  4 two-headed ogre zombies (D:15)
  25 elf zombies
  9 human zombies
  An entropy weaver zombie (Spider:1)
  4 merfolk zombies
  A cane toad zombie (Lair:5)
  A hornet zombie (Lair:5)
  A lindwurm zombie (Vaults:2)
  2 manticore zombies
  An ettin simulacrum (Coc:2)
  2 elephant zombies
  A komodo dragon zombie (Lair:5)
  8 yaktaur zombies
  A wyvern zombie (Lair:5)
  3 water moccasin zombies (Lair:5)
  2 warg zombies (Orc:2)
  6 yak zombies (Lair:5)
  A polar bear zombie (Lair:5)
  3 wolf zombies (Lair:5)
  A basilisk zombie (Lair:5)
  18 scorpion zombies (Spider:2)
  An acid dragon zombie (Lair:5)
  2 ogre zombies (D:15)
  A steam dragon zombie (Lair:5)
  14 orc zombies
  A swamp drake zombie (Lair:5)
  2 iguana zombies (Lair:5)
  15 ball lightnings (Pan)
  A block of ice (Pan)
  A bush (Depths:4)
  A demonic plant (Pan)
  36 fungi
  140 plants
  5 starspawn tentacles (Abyss:4)
  3 tentacles (Coc:7)
  3 withered plants (D:4)
442 creatures vanquished.

Grand Total: 4377 creatures vanquished

Notes
Turn   | Place    | Note
-------+----------+-------------------------------------------
     0 | D:1      | xSliceyx the Djinni Ice Elementalist began the quest for
                  | the Orb.
     0 | D:1      | xSliceyx set off with the following spells memorised:
                  | Freeze, Frozen Ramparts, Ozocubu's Armour, Summon Ice
                  | Beast.
     0 | D:1      | Reached XP level 1. HP: 15/15 MP: 0/0
   115 | D:1      | Reached XP level 2. HP: 18/21 MP: 0/0
   507 | D:1      | Reached XP level 3. HP: 17/25 MP: 0/0
   507 | D:1      | Learned a level 1 spell: Necrotise
  1267 | D:2      | Noticed Terence
  1276 | D:2      | Killed Terence
  1277 | D:2      | Reached XP level 4. HP: 21/31 MP: 0/0
  1520 | D:2      | Noticed Jessica
  1523 | D:2      | Killed Jessica
  1524 | D:2      | Reached XP level 5. HP: 33/35 MP: 0/0
  1524 | D:2      | Learned a level 2 spell: Wereblood
  1646 | D:2      | Found a snail-covered altar of Cheibriados.
  1725 | D:2      | Found a runed translucent door.
  1726 | D:2      | Noticed Crazy Yiuf
  1733 | D:2      | Killed Crazy Yiuf
  1734 | D:2      | Reached skill level 5 in Spellcasting
  2160 | D:3      | Reached XP level 6. HP: 39/40 MP: 0/0
  2303 | D:3      | Found a glowing drain.
  2312 | Sewer    | Entered a sewer
  3243 | D:4      | Found a staircase to the Ecumenical Temple.
  3247 | D:4      | Reached XP level 7. HP: 45/45 MP: 0/0
  3247 | D:4      | Learned a level 3 spell: Stone Arrow
  3258 | Temple   | Entered the Ecumenical Temple
  3542 | D:4      | Identified the +4 ring mail "Roicoof" {+Inv rC- rN+}
  3706 | D:4      | Noticed a water moccasin
  3740 | D:4      | Killed a water moccasin
  3855 | D:4      | Found a blossoming altar of Fedhas.
  3976 | D:5      | Entered Level 5 of the Dungeon
  4022 | D:5      | Reached XP level 8. HP: 21/50 MP: 0/0
  4249 | D:5      | Found a white marble altar of Elyvilon.
  4249 | D:5      | Found an opulent altar of Gozag.
  4353 | D:5      | Found a bloodstained altar of Trog.
  4519 | D:5      | Found a hide-covered altar of Uskayaw.
  4919 | D:6      | Noticed an angel
  4919 | D:6      | Found a glowing silver altar of Zin.
  4936 | D:6      | Found a shimmering altar of Xom.
  5636 | D:6      | Killed an angel
  5664 | D:6      | Reached XP level 9. HP: 52/55 MP: 0/0
  5664 | D:6      | Learned a level 4 spell: Cause Fear
  5686 | D:6      | Reached skill level 1 in Fighting
  5787 | D:7      | Noticed Prince Ribbit
  5794 | D:7      | Killed Prince Ribbit
  5873 | D:7      | Noticed Maggie
  5888 | D:7      | Killed Maggie
  5889 | D:7      | Reached skill level 5 in Fighting
  6077 | D:7      | Noticed a cyclops
  6105 | D:7      | Killed a cyclops
  6106 | D:7      | Reached XP level 10. HP: 59/76 MP: 0/0
  6304 | D:8      | Noticed Grum
  6314 | D:8      | Killed Grum
  6388 | D:8      | Noticed Gastronok
  6485 | D:8      | Noticed Joseph
  6498 | D:8      | Killed Joseph
  6720 | D:8      | Noticed Pikel
  6732 | D:8      | Killed Pikel
  6733 | D:8      | Reached skill level 10 in Fighting
  6861 | D:8      | Found a burning altar of Makhleb.
  6872 | D:8      | Became a worshipper of Makhleb the Destroyer
  7125 | D:8      | Reached XP level 11. HP: 76/87 MP: 0/0
  7125 | D:8      | Learned a level 4 spell: Animate Dead
  7269 | D:8      | Killed Gastronok
  7467 | D:8      | Identified the +0 sling of Ototure {elec, Fragile Will+++
                  | Int+3 Dex+3}
  7570 | D:8      | Upgraded the game from 0.30-a0-702-gdf48620a09 to
                  | 0.30-a0-840-ga523dec638
  7573 | D:9      | Noticed Maurice
  7577 | D:9      | Killed Maurice
 11037 | D:10     | Entered Level 10 of the Dungeon
 11138 | D:10     | Found a snail-covered altar of Cheibriados.
 11238 | D:10     | Reached skill level 1 in Shields
 11318 | D:10     | Noticed a two-headed ogre
 11324 | D:10     | Killed a two-headed ogre
 11431 | D:10     | Identified the +1 robe of the Butterfly {Regen+}
 12129 | D:11     | Found a staircase to the Orcish Mines.
 12129 | D:11     | Noticed a two-headed ogre
 12139 | D:11     | Killed a two-headed ogre
 12151 | D:11     | Noticed a manticore
 12158 | D:11     | Noticed a two-headed ogre
 12162 | D:11     | Killed a manticore
 12163 | D:11     | Reached XP level 12. HP: 96/100 MP: 0/0
 12165 | D:11     | Killed a two-headed ogre
 12166 | D:11     | Reached skill level 5 in Shields
 12234 | D:11     | Reached skill level 1 in Invocations
 12268 | D:11     | Noticed a boulder beetle
 12282 | D:11     | Killed a boulder beetle
 12376 | D:11     | Reached * piety under Makhleb
 12533 | D:11     | Found a staircase to the Lair.
 12587 | D:11     | Reached skill level 5 in Invocations
 12789 | Lair:1   | Entered Level 1 of the Lair of Beasts
 12916 | Lair:1   | Reached skill level 5 in Dodging
 13015 | Lair:1   | Reached ** piety under Makhleb
 13687 | Lair:2   | Reached XP level 13. HP: 103/105 MP: 0/0
 13687 | Lair:2   | Learned a level 5 spell: Borgnjor's Vile Clutch
 13719 | Lair:2   | Found a hole to the Spider Nest.
 13783 | Lair:2   | Reached *** piety under Makhleb
 13789 | Lair:2   | Reached skill level 10 in Dodging
 14388 | Lair:3   | Found a runed translucent gate.
 14389 | Lair:3   | Found a runed translucent gate.
 14390 | Lair:3   | Found a runed translucent gate.
 14393 | Lair:3   | Noticed a catoblepas
 14393 | Lair:3   | Noticed Amaemon
 14444 | Lair:3   | Found a staircase to the Shoals.
 14508 | Lair:3   | Killed Amaemon
 14594 | Lair:3   | Noticed Zonian's ghost (journeyman VSTm)
 14681 | Lair:3   | You are sucked into a shaft and drop 2 floors!
 14681 | Lair:5   | Entered Level 5 of the Lair of Beasts
 14694 | Lair:5   | Reached **** piety under Makhleb
 14730 | Lair:5   | Reached XP level 14. HP: 63/112 MP: 0/0
 15193 | Lair:4   | Reached skill level 10 in Spellcasting
 15292 | Lair:4   | Found a viscous altar of Jiyva.
 15296 | Lair:4   | Found a staircase to the Slime Pits.
 16625 | Lair:4   | Identified a scroll of acquirement
 16626 | Lair:4   | Acquired a manual of Spellcasting
 16710 | Lair:5   | Reached ***** piety under Makhleb
 16889 | Lair:5   | Identified the amulet of Stoicism {Faith rF+ rN++ Dex-5}
 17336 | Lair:5   | Reached XP level 15. HP: 112/117 MP: 0/0
 17336 | Lair:5   | Learned a level 6 spell: Eringya's Noxious Bog
 18133 | Orc:1    | Entered Level 1 of the Orcish Mines
 18201 | Orc:1    | Found Wilyuloalo's Armour Boutique.
 18207 | Orc:1    | Bought a +2 cloak of stealth for 344 gold pieces
 18466 | Orc:2    | Entered Level 2 of the Orcish Mines
 18574 | Orc:2    | Reached ****** piety under Makhleb
 18815 | Orc:2    | Reached skill level 15 in Spellcasting
 18878 | Orc:2    | Found Wodizea's Weapon Boutique.
 18878 | Orc:2    | Found Imaeryc's General Store.
 18910 | Orc:2    | Noticed Rupert
 18922 | Orc:2    | Killed Rupert
 18940 | Orc:2    | Noticed an orc warlord
 18950 | Orc:2    | Killed an orc warlord
 19209 | Orc:2    | Found Rile's Antique Armour Boutique.
 19360 | Orc:2    | Found Unwevep's Armour Emporium.
 19456 | Orc:2    | Found a staircase to the Elven Halls.
 19967 | Orc:2    | Bought a potion of resistance for 140 gold pieces
 19967 | Orc:2    | Bought 2 potions of brilliance for 112 gold pieces
 19967 | Orc:2    | Bought 2 scrolls of fog for 112 gold pieces
 19967 | Orc:2    | Bought a potion of invisibility for 112 gold pieces
 19967 | Orc:2    | Bought a potion of mutation for 112 gold pieces
 19967 | Orc:2    | Bought a scroll of immolation for 56 gold pieces
 20321 | D:12     | Found Quliwn's Distillery.
 20324 | D:12     | Bought 2 potions of brilliance for 120 gold pieces
 20324 | D:12     | Bought a potion of curing for 45 gold pieces
 20324 | D:12     | Bought a potion of haste for 150 gold pieces
 20324 | D:12     | Bought a potion of mutation for 120 gold pieces
 20324 | D:12     | Bought a potion of ambrosia for 120 gold pieces
 20324 | D:12     | Bought a potion of might for 60 gold pieces
 20324 | D:12     | Bought a potion of mutation for 120 gold pieces
 20640 | D:12     | Noticed Frances
 20657 | D:12     | Killed Frances
 20961 | D:13     | You are sucked into a shaft and drop 1 floor!
 20968 | D:13     | Found a gate leading to a gauntlet.
 20975 | Gauntlet | Entered a Gauntlet
 20975 | Gauntlet | Found a transporter.
 20975 | Gauntlet | Found a transporter.
 20981 | Gauntlet | Found a transporter.
 20994 | Gauntlet | Found a transporter.
 21012 | Gauntlet | Found a transporter.
 21012 | Gauntlet | Found a transporter.
 21012 | Gauntlet | Found a transporter.
 21015 | Gauntlet | Found a transporter.
 21015 | Gauntlet | Found a transporter.
 21029 | Gauntlet | Found a transporter.
 21047 | Gauntlet | Found a transporter.
 21057 | Gauntlet | Found a transporter.
 21072 | Gauntlet | Found a transporter.
 21092 | Gauntlet | Found a transporter.
 21350 | Gauntlet | Reached XP level 16. HP: 123/123 MP: 0/0
 21405 | Gauntlet | Reached skill level 10 in Invocations
 21426 | Gauntlet | Identified the +4 leather armour of the Sixty-Six Seas
                  | {rElec Str+3 Int+3}
 21655 | D:13     | Noticed Nessos
 21660 | D:13     | Killed Nessos
 21888 | D:13     | Identified the amulet "Tul Kegu" {Reflect Harm Fragile
                  | rElec rCorr SH+5}
 22109 | D:13     | Found a gate to the Vaults.
 22144 | D:14     | Noticed Louise
 22155 | D:14     | Killed Louise
 22224 | D:14     | Acquired the amulet "Elephor" {Acrobat rF+ Regen+}
 22246 | D:14     | Upgraded the game from 0.30-a0-840-ga523dec638 to
                  | 0.30-a0-845-g7c6808c8ce
 22407 | D:14     | Noticed Josephine
 22441 | D:14     | Killed Josephine
 22443 | D:14     | Your ally Josephine died
 22865 | D:15     | Entered Level 15 of the Dungeon
 23243 | D:15     | Found a staircase to the Depths.
 24025 | Spider:1 | Entered Level 1 of the Spider Nest
 24052 | Spider:1 | Reached XP level 17. HP: 129/129 MP: 0/0
 24052 | Spider:1 | Learned a level 7 spell: Summon Hydra
 24961 | Spider:2 | Found a runed translucent gate.
 24965 | Spider:2 | Found a runed translucent gate.
 24965 | Spider:2 | Found a runed translucent gate.
 24966 | Spider:2 | Noticed Haunul's ghost (adept GrCj)
 25395 | Spider:2 | Killed Haunul's ghost
 25425 | Spider:2 | Reached skill level 15 in Invocations
 25554 | Spider:3 | Reached XP level 18. HP: 135/135 MP: 0/0
 25807 | Spider:3 | Reached skill level 15 in Dodging
 26673 | Spider:4 | Entered Level 4 of the Spider Nest
 27398 | Spider:4 | Got a gossamer rune of Zot
 28092 | Elf:1    | Entered Level 1 of the Elven Halls
 28255 | Elf:1    | Noticed Agnes
 28261 | Elf:1    | Killed Agnes
 28415 | Elf:1    | Paralysed by an air elemental for 1 turns
 28424 | Elf:1    | Reached XP level 19. HP: 72/141 MP: 0/0
 28424 | Elf:1    | Learned a level 6 spell: Death Channel
 28656 | Elf:1    | Found Xaitieph's Distillery.
 28663 | Elf:1    | Bought a potion of curing for 30 gold pieces
 28663 | Elf:1    | Bought a potion of heal wounds for 50 gold pieces
 28663 | Elf:1    | Bought a potion of berserk rage for 50 gold pieces
 28663 | Elf:1    | Bought a potion of curing for 30 gold pieces
 28663 | Elf:1    | Bought a potion of curing for 30 gold pieces
 28663 | Elf:1    | Bought a potion of mutation for 80 gold pieces
 28728 | Elf:1    | Found Joatz's Jewellery Boutique.
 28785 | Elf:1    | Paralysed by an air elemental for 1 turns
 29051 | Elf:1    | Paralysed by an air elemental for 1 turns
 29055 | Elf:1    | Paralysed by an air elemental for 1 turns
 29165 | Elf:1    | Reached skill level 15 in Fighting
 29537 | Elf:2    | Found a runed translucent door.
 29554 | Elf:2    | Noticed pigah's ghost (adept OpWn)
 29566 | Elf:2    | Killed pigah's ghost
 29609 | Elf:2    | Paralysed by an air elemental for 1 turns
 29636 | Elf:2    | Found Didoont's Distillery.
 29636 | Elf:2    | Identified the +7 quarterstaff of the Ghost {spect, rC+
                  | Int-5 Dex+7}
 29686 | Elf:2    | Bought a potion of haste for 170 gold pieces
 29686 | Elf:2    | Bought a potion of haste for 170 gold pieces
 29686 | Elf:2    | Bought a potion of curing for 51 gold pieces
 29686 | Elf:2    | Bought a potion of curing for 51 gold pieces
 29686 | Elf:2    | Bought a potion of lignification for 51 gold pieces
 29810 | Elf:2    | Found a runed translucent gate.
 29811 | Elf:2    | Found a runed translucent gate.
 29811 | Elf:2    | Found a runed translucent gate.
 30284 | Elf:2    | Noticed a deep elf blademaster
 30293 | Elf:2    | Killed a deep elf blademaster
 30550 | Elf:3    | Entered Level 3 of the Elven Halls
 30627 | Elf:3    | Reached XP level 20. HP: 155/155 MP: 0/0
 30719 | Elf:3    | Found Pepif's Distillery.
 30732 | Elf:3    | Bought a potion of brilliance for 64 gold pieces
 30732 | Elf:3    | Bought a potion of haste for 160 gold pieces
 30732 | Elf:3    | Bought a potion of heal wounds for 80 gold pieces
 30732 | Elf:3    | Bought a potion of brilliance for 64 gold pieces
 30732 | Elf:3    | Bought a potion of curing for 48 gold pieces
 30732 | Elf:3    | Bought a potion of haste for 160 gold pieces
 30732 | Elf:3    | Bought a potion of berserk rage for 80 gold pieces
 30732 | Elf:3    | Bought a potion of might for 64 gold pieces
 30732 | Elf:3    | Bought a potion of lignification for 48 gold pieces
 30732 | Elf:3    | Bought a potion of curing for 48 gold pieces
 30861 | Elf:3    | Noticed Mara
 30877 | Elf:3    | Noticed xSliceyx's illusion
 30884 | Elf:3    | Noticed xSliceyx's illusion
 30888 | Elf:3    | Noticed xSliceyx's illusion
 30891 | Elf:3    | Killed Mara
 31077 | Elf:3    | Paralysed by an air elemental for 1 turns
 31886 | Elf:3    | Noticed Bai Suzhen
 31898 | Elf:3    | Killed Bai Suzhen
 32052 | Elf:3    | Identified the +7 double sword of Prudence {freeze, rElec
                  | rC++ Int-5 SInv}
 32311 | Elf:3    | Identified the -1 buckler of the Unseen Realm {rPois rF+
                  | Dex+3 Stlth+}
 32800 | Shoals:1 | Entered Level 1 of the Shoals
 32800 | Shoals:1 | Noticed Kirke
 32808 | Shoals:1 | Killed Kirke
 33015 | Shoals:1 | Upgraded the game from 0.30-a0-845-g7c6808c8ce to
                  | 0.30-a0-857-gcaf70739d4
 33023 | Shoals:1 | Identified the +6 shortbow "Killer Klown's Peril" {freeze,
                  | *Corrode rPois rC+++ Dex-2}
 33567 | Shoals:1 | Reached XP level 21. HP: 160/164 MP: 0/0
 33567 | Shoals:1 | Learned a level 7 spell: Haunt
 33965 | Shoals:2 | Reached skill level 1 in Evocations
 33995 | Shoals:2 | Found Foggih's Antique Armour Shop.
 33995 | Shoals:2 | Found Edil's Book Shoppe.
 34058 | Shoals:2 | Noticed Polyphemus
 34069 | Shoals:2 | Killed Polyphemus
 34211 | Shoals:2 | Found Wire's Magic Scroll Shop.
 34222 | Shoals:2 | Bought a scroll of fog for 76 gold pieces
 34222 | Shoals:2 | Bought a scroll of blinking for 142 gold pieces
 34250 | Shoals:2 | Found Osohakh's Antique Weapon Boutique.
 34285 | Shoals:2 | Found Egowue's Book Shoppe.
 34972 | Shoals:3 | Noticed Ilsuiw
 34989 | Shoals:3 | Killed Ilsuiw
 35592 | Shoals:4 | Entered Level 4 of the Shoals
 35842 | Shoals:4 | Identified the +3 plate armour "Kistom" {Stlth+}
 35962 | Shoals:4 | Identified the ring of the Peasants {Wiz Dex+5 Stlth+}
 36050 | Shoals:4 | Found Arie's Book Boutique.
 36066 | Shoals:4 | Bought Great Wizards, Vol. II for 418 gold pieces
 36412 | Shoals:4 | Identified the +0 robe "Oxui" {Drain rC+ rN+ Str+2}
 36618 | Shoals:4 | Got a barnacled rune of Zot
 36865 | Vaults:1 | Entered Level 1 of the Vaults
 36978 | Vaults:1 | Reached XP level 22. HP: 159/170 MP: 0/0
 37796 | Vaults:1 | Noticed a golden dragon
 37819 | Vaults:1 | Killed a golden dragon
 37925 | Vaults:1 | Identified the +1 rapier of Debt {elec, Dex+4}
 38036 | Vaults:1 | Identified the +7 flail of the Thieving Dove {flame, rElec
                  | Will+ rCorr Str+2}
 38655 | Shoals:4 | Bought a manual of Fighting for 880 gold pieces
 39064 | Vaults:2 | Noticed Zenata
 39075 | Vaults:2 | Killed Zenata
 39261 | Vaults:2 | Your ally Zenata died
 39463 | Vaults:2 | Found a staircase to the Crypt.
 39583 | Vaults:2 | Reached XP level 23. HP: 164/178 MP: 0/0
 39583 | Vaults:2 | Learned a level 7 spell: Ozocubu's Refrigeration
 39664 | Vaults:2 | Found Cuxkeom's Magic Scroll Shoppe.
 39679 | Vaults:2 | Bought a scroll of immolation for 60 gold pieces
 39679 | Vaults:2 | Bought a scroll of teleportation for 45 gold pieces
 40348 | Vaults:2 | You are sucked into a shaft and drop 2 floors!
 42202 | Vaults:3 | Reached XP level 24. HP: 160/196 MP: 0/0
 42318 | Vaults:3 | Noticed Saint Roka
 42333 | Vaults:3 | Killed Saint Roka
 42780 | Vaults:3 | Noticed Boris
 42786 | Vaults:3 | Killed Boris
 43589 | Vaults:5 | Entered Level 5 of the Vaults
 43629 | Vaults:5 | Noticed a golden dragon
 43636 | Vaults:5 | Noticed an ancient lich
 43637 | Vaults:5 | Killed a golden dragon
 43653 | Vaults:5 | Killed an ancient lich
 43815 | Vaults:5 | Found Egauwnup's Armour Shoppe.
 44036 | Vaults:5 | Noticed a dread lich
 44045 | Vaults:5 | Killed a dread lich
 44050 | Vaults:5 | Noticed a golden dragon
 44085 | Vaults:5 | Identified the +8 scale mail of Soft Rains {rPois}
 44340 | Vaults:5 | Killed a golden dragon
 44449 | Vaults:5 | Reached XP level 25. HP: 129/206 MP: 0/0
 44449 | Vaults:5 | Learned a level 9 spell: Chain Lightning
 44691 | Vaults:5 | Found the +3 crown of Dyrovepreva {rElec Int+2 SInv}
 44929 | Vaults:5 | Got a silver rune of Zot
 45120 | Vaults:5 | Identified the +0 helmet of the Ego {rPois rN++ Dex+4
                  | Stlth-}
 45127 | Vaults:5 | Identified the +1 plate armour of Valiance {Int+3}
 45628 | Slime:1  | Entered Level 1 of the Pits of Slime
 45664 | Slime:1  | Gained mutation: Your body sometimes deteriorates upon
                  | taking damage. [a shining eye]
 45699 | Slime:1  | Found a viscous altar of Jiyva.
 45784 | Slime:1  | Paralysed by a great orb of eyes for 2 turns
 46972 | Slime:5  | Entered Level 5 of the Pits of Slime
 47560 | Slime:5  | Noticed the Royal Jelly
 47576 | Slime:5  | Killed the Royal Jelly
 47789 | Slime:5  | Identified the +1 leather armour of Abstinence {Drain rN+++
                  | Regen+ Stlth+}
 47837 | Slime:5  | Got a slimy rune of Zot
 48307 | Slime:5  | Lost mutation: Your body sometimes deteriorates upon taking
                  | damage. [potion of mutation]
 48307 | Slime:5  | Gained mutation: You passively map a small area around you.
                  | [potion of mutation]
 48307 | Slime:5  | Gained mutation: You are dopey. (Int -2) [potion of
                  | mutation]
 48551 | Depths:1 | Entered Level 1 of the Depths
 48606 | Depths:1 | Reached skill level 1 in Armour
 48638 | Depths:1 | Reached XP level 26. HP: 183/213 MP: 0/0
 48735 | Depths:1 | Found a gateway to Hell.
 48757 | Depths:1 | Found a one-way gate to the infinite horrors of the Abyss.
 48852 | Depths:1 | Reached skill level 5 in Armour
 49166 | Depths:1 | Found Viraat's Gadget Gallery.
 49177 | Depths:1 | Found a one-way gateway to a ziggurat.
 49865 | Depths:2 | Found a hide-covered altar of Uskayaw.
 50272 | Depths:2 | Paralysed by a vampire knight for 4 turns
 50295 | Depths:2 | Noticed Boris
 50305 | Depths:2 | Killed Boris
 50710 | Depths:2 | Found a blossoming altar of Fedhas.
 50908 | Depths:2 | Found a one-way gate leading to the halls of Pandemonium.
 51488 | Depths:3 | Identified the ring of Imocvago {rElec rN++ Will- EV+5
                  | Slay+3}
 51546 | Depths:3 | Reached XP level 27. HP: 135/220 MP: 0/0
 51546 | Depths:3 | Learned a level 9 spell: Polar Vortex
 51553 | Depths:3 | Paralysed by a floating eye for 3 turns
 51624 | Depths:3 | Found a runed translucent door.
 51625 | Depths:3 | Found a runed translucent door.
 51625 | Depths:3 | Found a runed translucent door.
 52765 | Depths:1 | Voluntarily entered the Abyss.
 52796 | Abyss:1  | Found a corrupted altar of Lugonu.
 52843 | Abyss:2  | Found a corrupted altar of Lugonu.
 52873 | Abyss:2  | Found a corrupted altar of Lugonu.
 52874 | Abyss:2  | Found a corrupted altar of Lugonu.
 52874 | Abyss:2  | Found a corrupted altar of Lugonu.
 52994 | Abyss:3  | Found a corrupted altar of Lugonu.
 53220 | Abyss:4  | Got an abyssal rune of Zot
 53229 | Depths:1 | Escaped the Abyss
 53302 | Depths:4 | Entered Level 4 of the Depths
 53461 | Depths:4 | Noticed Boris
 53469 | Depths:4 | Killed Boris
 53902 | Depths:4 | Found Hyetaolo's Jewellery Boutique.
 53904 | Depths:4 | Found Jitiargh's Book Shoppe.
 53905 | Depths:4 | Found Ocuas's Jewellery Boutique.
 54278 | Depths:4 | Found a gate to the Realm of Zot.
 54393 | Hell     | Entered the Vestibule of Hell
 54394 | Hell     | Noticed Geryon
 54405 | Hell     | Killed Geryon
 54866 | Hell     | Found a gateway to the ashen valley of Gehenna.
 54893 | Hell     | Found a gateway to the decaying netherworld of Tartarus.
 54944 | Hell     | Found a gateway to the freezing wastes of Cocytus.
 54998 | Hell     | Found a gateway to the Iron City of Dis.
 55752 | Pan      | Entered Pandemonium
 55753 | Pan      | Upgraded the game from 0.30-a0-857-gcaf70739d4 to
                  | 0.30-a0-860-g512cf1e979
 55904 | Pan      | Found a white marble altar of Elyvilon.
 56348 | Pan      | Found a glowing silver altar of Zin.
 56753 | Pan      | Identified the ring "Ikuv" {Int+6 Dex+6}
 57348 | Pan      | Noticed a seraph
 57354 | Pan      | Killed a seraph
 57361 | Pan      | Found a glowing golden altar of the Shining One.
 57373 | Pan      | Got a demonic rune of Zot
 58778 | Pan      | Entered the realm of Cerebov.
 58778 | Pan      | Found the +6 sword of Cerebov {flame}
 58778 | Pan      | Noticed Cerebov
 58787 | Pan      | Killed Cerebov
 58862 | Pan      | Identified the +4 dagger of Darkness {pain, *Rage rF+ Will+
                  | Dex+4}
 58898 | Pan      | Got a fiery rune of Zot
 58924 | Pan      | Identified the +0 flail of Ulol Luh {elec, rPois rC+}
 58929 | Pan      | Identified the amulet of the Sun {RegenMP rN+ Regen+}
 58999 | Pan      | Identified the +2 trident "Vuluce" {antimagic, rPois rF-
                  | Will+ Int+3}
 59028 | Pan      | Noticed Mennas
 59041 | Pan      | Killed Mennas
 59042 | Pan      | Reached skill level 27 in Spellcasting
 59343 | Pan      | Found an exit through the horrors of the Abyss.
 59475 | Pan      | Identified the +1 robe of Absence {Dex+5}
 59981 | Pan      | Gained mutation: Armour fits poorly on your strangely
                  | shaped body. [a cacodemon]
 60119 | Pan      | Noticed Borebimi the pandemonium lord
 60125 | Pan      | Killed Borebimi the pandemonium lord
 60185 | Pan      | Noticed Higiyju the pandemonium lord
 60204 | Pan      | Killed Higiyju the pandemonium lord
 60362 | Pan      | Entered the realm of Mnoleg.
 60394 | Pan      | Gained mutation: You are weak. (Str -2) [a cacodemon]
 60396 | Pan      | Gained mutation: You sometimes lose your temper in combat.
                  | [a cacodemon]
 60510 | Pan      | Gained mutation: You occasionally lose the ability to drink
                  | potions when taking damage. [a shining eye]
 60529 | Pan      | Noticed Mnoleg
 60543 | Pan      | Killed Mnoleg
 60651 | Pan      | Identified the +1 war axe "Voof" {heavy, Fly rPois rF-
                  | rCorr}
 60675 | Pan      | Got a glowing rune of Zot
 60758 | Pan      | Gained mutation: You are very weak. (Str -4) [a cacodemon]
 60772 | Pan      | Reached skill level 27 in Fighting
 60777 | Pan      | Gained mutation: You are very dopey. (Int -4) [a cacodemon]
 60811 | Pan      | Gained mutation: You are frail. (-10% HP) [a cacodemon]
 60882 | Pan      | Lost mutation: You are frail. (-10% HP) [potion of
                  | mutation]
 60882 | Pan      | Lost mutation: You sometimes lose your temper in combat.
                  | [potion of mutation]
 60882 | Pan      | Lost mutation: You are very dopey. (Int -4) [potion of
                  | mutation]
 60882 | Pan      | Lost mutation: You passively map a small area around you.
                  | [potion of mutation]
 60883 | Pan      | Lost mutation: You occasionally lose the ability to drink
                  | potions when taking damage. [potion of mutation]
 60883 | Pan      | Lost mutation: You are dopey. (Int -2) [potion of mutation]
 60883 | Pan      | Lost mutation: You are very weak. (Str -4) [potion of
                  | mutation]
 60883 | Pan      | Gained mutation: You have a pair of small horns on your
                  | head. [potion of mutation]
 60884 | Pan      | Lost mutation: You are weak. (Str -2) [potion of mutation]
 60884 | Pan      | Lost mutation: Armour fits poorly on your strangely shaped
                  | body. [potion of mutation]
 60884 | Pan      | Lost mutation: You have a pair of small horns on your head.
                  | [potion of mutation]
 60884 | Pan      | Gained mutation: You are agile. (Dex +4, Str/Int -1)
                  | [potion of mutation]
 60884 | Pan      | Gained mutation: Your flesh is almost immune to the effects
                  | of heat. (rF+++) [potion of mutation]
 60884 | Pan      | Gained mutation: You have hidden genetic potential. [potion
                  | of mutation]
 61131 | Pan      | Entered the realm of Lom Lobon.
 61311 | Pan      | Noticed Lom Lobon
 61371 | Pan      | Got a magical rune of Zot
 61377 | Pan      | Killed Lom Lobon
 61589 | Pan      | Entered the realm of Gloorx Vloq.
 61680 | Pan      | Found an exit through the horrors of the Abyss.
 61981 | Pan      | Noticed Gloorx Vloq
 61988 | Pan      | Killed Gloorx Vloq
 62057 | Pan      | Got a dark rune of Zot
 62116 | Pan      | Identified the +1 plate armour "Ypsa" {rC+ Will+ Regen+
                  | Int-5}
 62311 | Pan      | Noticed Suxt the pandemonium lord
 62410 | Pan      | Found an exit through the horrors of the Abyss.
 62420 | Pan      | Took an exit into the Abyss.
 62420 | Abyss:4  | Escaped into the Abyss
 62583 | Abyss:4  | Reached skill level 27 in Dodging
 62604 | Depths:2 | Escaped the Abyss
 62797 | Orc:2    | Bought a brightly glowing plate armour for 700 gold pieces
 62797 | Orc:2    | Identified the +8 plate armour of the Skies Above {Rampage
                  | rElec} (You bought it in a shop on level 2 of the Orcish
                  | Mines)
 63042 | Geh:1    | Entered Level 1 of Gehenna
 63464 | Geh:7    | Entered Level 7 of Gehenna
 63583 | Geh:7    | Reached skill level 10 in Shields
 63882 | Geh:7    | Noticed the Serpent of Hell
 63889 | Geh:7    | Killed the Serpent of Hell
 64032 | Geh:7    | Found the +7 sceptre of Asmodeus
 64032 | Geh:7    | Noticed Asmodeus
 64037 | Geh:7    | Identified the +2 robe "Fokhlock" {Str+4 Dex+3}
 64037 | Geh:7    | Identified the ring "Itook" {Wiz Dex+4}
 64048 | Geh:7    | Killed Asmodeus
 64155 | Geh:7    | Found the +3 greatsling "Punk" {acid, rCorr}
 64166 | Geh:7    | Identified the +2 battleaxe of Xom's Inspiration {heavy,
                  | rC+}
 64173 | Geh:7    | Identified the ring of the Shining Light {rPois Slay+4}
 64212 | Geh:7    | Got an obsidian rune of Zot
 64219 | Geh:7    | Identified the +6 great sword of Melee {drain, rPois}
 64236 | Geh:7    | Identified the +3 scale mail "Xokangut" {rPois rN+}
 64840 | Dis:1    | Entered Level 1 of the Iron City of Dis
 64840 | Dis:1    | You are sucked into a shaft and drop 1 floor!
 64874 | Dis:3    | Reached skill level 10 in Armour
 64890 | Hell     | Gained mutation: You are very agile. (Dex +8, Str/Int -2)
                  | [hidden potential]
 65060 | Zot:1    | Entered Level 1 of the Realm of Zot
 65247 | Tar:1    | Entered Level 1 of Tartarus
 65353 | Tar:2    | Reached skill level 15 in Armour
 65777 | Tar:5    | You are sucked into a shaft and drop 1 floor!
 65777 | Tar:6    | Noticed an ancient lich
 65777 | Tar:6    | Noticed a dread lich
 65777 | Tar:6    | Noticed an ancient lich
 65779 | Tar:6    | Noticed an ancient lich
 65780 | Tar:6    | Killed an ancient lich
 65781 | Tar:6    | Killed a dread lich
 65781 | Tar:6    | Noticed an ancient lich
 65782 | Tar:6    | Killed an ancient lich
 65785 | Tar:7    | Entered Level 7 of Tartarus
 65804 | Tar:7    | Noticed a dread lich
 65811 | Tar:7    | Killed a dread lich
 65908 | Tar:7    | Gained mutation: You have a beak for a mouth. [hidden
                  | potential]
 65908 | Tar:7    | Lost mutation: You have hidden genetic potential. [hidden
                  | potential expressed]
 65958 | Tar:7    | Noticed a dread lich
 65963 | Tar:7    | Paralysed by a dread lich for 4 turns
 65967 | Tar:7    | Killed a dread lich
 66038 | Tar:7    | Noticed an ancient lich
 66044 | Tar:7    | Killed an ancient lich
 66229 | Tar:7    | Noticed Ereshkigal
 66239 | Tar:7    | Killed Ereshkigal
 66352 | Tar:7    | Got a bone rune of Zot
 66486 | Tar:7    | Identified the +2 troll leather armour of Magic {+Blink
                  | Regen+ Str+4 SInv}
 66731 | Tar:7    | Identified the +9 sling of the Warrior {freeze, rElec rF+}
 66834 | Tar:7    | Identified the +5 long sword of the Apocalypse {freeze,
                  | *Rage rPois rCorr Dex+3}
 66837 | Tar:7    | Identified the +2 pair of gloves "Wyll" {Dex-5 Slay+4}
 66935 | Coc:1    | Entered Level 1 of Cocytus
 67336 | Coc:4    | Noticed a shard shrike
 67336 | Coc:4    | You are sucked into a shaft and drop 2 floors!
 67462 | Coc:7    | Entered Level 7 of Cocytus
 67665 | Coc:7    | Paralysed by a wendigo for 1 turns
 67933 | Coc:7    | Noticed a shard shrike
 67934 | Coc:7    | Noticed a shard shrike
 67952 | Coc:7    | Killed a shard shrike
 67957 | Coc:7    | Noticed a shard shrike
 67960 | Coc:7    | Killed a shard shrike
 68042 | Coc:7    | Noticed a shard shrike
 68048 | Coc:7    | Noticed a shard shrike
 68051 | Coc:7    | Killed a shard shrike
 68052 | Coc:7    | Killed a shard shrike
 68088 | Coc:7    | Killed a shard shrike
 68153 | Coc:7    | Noticed a shard shrike
 68238 | Coc:7    | Noticed a shard shrike
 68242 | Coc:7    | Killed a shard shrike
 68342 | Coc:7    | Noticed a shard shrike
 68342 | Coc:7    | Noticed a shard shrike
 68345 | Coc:7    | Killed a shard shrike
 68346 | Coc:7    | Killed a shard shrike
 68383 | Coc:7    | Noticed a shard shrike
 68386 | Coc:7    | Killed a shard shrike
 68387 | Coc:7    | Killed a shard shrike
 68527 | Coc:7    | Identified the +7 mace of Thoughtfulness {flame, rN+}
 68527 | Coc:7    | Noticed Antaeus
 68560 | Coc:7    | Killed Antaeus
 68643 | Coc:7    | Got an icy rune of Zot
 68648 | Coc:7    | Identified the +4 pair of boots of Lucluol {rElec Str+4}
 68726 | Coc:7    | Noticed a shard shrike
 68731 | Coc:7    | Killed a shard shrike
 68778 | Coc:7    | Noticed a shard shrike
 68782 | Coc:7    | Killed a shard shrike
 69448 | Zot:1    | Noticed an orb of fire
 69458 | Zot:1    | Killed an orb of fire
 69567 | Zot:1    | Found the +10 dark maul {heavy}
 69902 | Dis:3    | Noticed an ancient lich
 69909 | Dis:3    | Killed an ancient lich
 70405 | Dis:6    | Noticed an ancient lich
 70407 | Dis:6    | Killed an ancient lich
 70547 | Dis:7    | Entered Level 7 of the Iron City of Dis
 70602 | Dis:7    | Reached skill level 27 in Invocations
 70633 | Dis:7    | Reached skill level 5 in Evocations
 70661 | Dis:7    | Noticed a juggernaut
 70664 | Dis:7    | Killed a juggernaut
 70747 | Dis:7    | Noticed a juggernaut
 70752 | Dis:7    | Killed a juggernaut
 70832 | Dis:7    | Identified the +2 mace of Soghurir {vamp, Will- Dex+5}
 71053 | Dis:7    | Reached skill level 10 in Evocations
 71333 | Dis:7    | Noticed a juggernaut
 71334 | Dis:7    | Reached skill level 15 in Shields
 71335 | Dis:7    | Killed a juggernaut
 71886 | Dis:7    | Noticed Dispater
 71907 | Dis:7    | Killed Dispater
 71993 | Dis:7    | Identified the +2 quarterstaff of Aligeall {freeze, *Rage
                  | Will+ Str+3 Int+3}
 71995 | Dis:7    | Got an iron rune of Zot
 72289 | Lair:1   | Lost mutation: You have a beak for a mouth. [potion of
                  | mutation]
 72289 | Lair:1   | Lost mutation: You are very agile. (Dex +8, Str/Int -2)
                  | [potion of mutation]
 72289 | Lair:1   | Lost mutation: Your flesh is almost immune to the effects
                  | of heat. (rF+++) [potion of mutation]
 72289 | Lair:1   | Gained mutation: You occasionally lose the ability to drink
                  | potions when taking damage. [potion of mutation]
 72289 | Lair:1   | Gained mutation: You passively dampen the noise of your
                  | surroundings. [potion of mutation]
 72289 | Lair:1   | Gained mutation: You are partially covered in large bone
                  | plates. (SH +4) [potion of mutation]
 72290 | Lair:1   | Lost mutation: You are partially covered in large bone
                  | plates. (SH +4) [potion of mutation]
 72290 | Lair:1   | Lost mutation: You passively dampen the noise of your
                  | surroundings. [potion of mutation]
 72290 | Lair:1   | Gained mutation: You are dopey. (Int -2) [potion of
                  | mutation]
 72290 | Lair:1   | Gained mutation: You have supernaturally acute eyesight.
                  | (SInv) [potion of mutation]
 72291 | Lair:1   | Lost mutation: You occasionally lose the ability to drink
                  | potions when taking damage. [potion of mutation]
 72291 | Lair:1   | Lost mutation: You are dopey. (Int -2) [potion of mutation]
 72291 | Lair:1   | Gained mutation: Your flesh is almost immune to the effects
                  | of heat. (rF+++) [potion of mutation]
 72291 | Lair:1   | Gained mutation: You are strong-willed. (Will+) [potion of
                  | mutation]
 72291 | Lair:1   | Lost mutation: You are strong-willed. (Will+) [potion of
                  | mutation]
 72392 | Lair:3   | Killed Zonian's ghost
 73001 | Crypt:1  | Entered Level 1 of the Crypt
 73002 | Crypt:1  | Upgraded the game from 0.30-a0-860-g512cf1e979 to
                  | 0.30-a0-862-g1aabd4f9c5
 73375 | Crypt:1  | Identified the +5 halberd "Japolobe" {antimagic, *Noise
                  | Will+ Int+2 SInv}
 73676 | Crypt:2  | Noticed Xtahua
 73681 | Crypt:2  | Paralysed by Xtahua for 5 turns
 73686 | Crypt:2  | Killed Xtahua
 74018 | Crypt:3  | Entered Level 3 of the Crypt
 74463 | Crypt:3  | Found a staircase to the Tomb.
 74722 | Crypt:3  | Noticed Jory
 74726 | Crypt:3  | Killed Jory
 75184 | Crypt:3  | Found a basalt altar of Yredelemnul.
 75522 | Crypt:3  | Found the +6 Majin-Bo {spellvamp, MP+6 Int+6}
 75523 | Crypt:3  | Found the +9 sword of Zonguldrok {reap}
 75526 | Crypt:3  | Identified the +0 pair of gloves of Insurance {Harm rElec
                  | rPois Dex-5}
 75541 | Crypt:3  | Identified the ring of Caxemor {rN+ Will+ Int+2}
 75541 | Crypt:3  | Identified the amulet of Wu Jian's Delight {Regen+ Str+3
                  | Int+3}
 75541 | Crypt:3  | Identified the ring of Plog {rElec rN+ SInv}
 75664 | Tomb:1   | Entered Level 1 of the Tomb of the Ancients
 75692 | Tomb:1   | Noticed Boris
 75697 | Tomb:1   | Killed Boris
 76240 | Tomb:1   | Noticed a royal mummy
 76247 | Tomb:1   | Killed a royal mummy
 76255 | Tomb:1   | Noticed a royal mummy
 76262 | Tomb:1   | Paralysed by a Zot trap for 3 turns
 76265 | Tomb:1   | HP: 8/228 [death scarab[a royal mummy] (10)]
 76265 | Tomb:1   | Slain by an emperor scorpion

Illustrated notes

Levels and vault maps discovered:
D:1:      co_arrival_two_rings, layout_loops_ring
D:2:      minmay_razor_zed, layout_rooms, basic_altar,
          nicolae_kite_square_tiling_tiny, uniq_terence, uniq_jessica,
          uniq_crazy_yiuf_cottage
D:3:      layout_loops_ring, lightli_sewer_entry_pipes, minivault_27
D:4:      minmay_chambers_of_fours, layout_cave_pools,
          grunt_temple_overflow_growth_and_decay,
          minmay_temple_entry_sparse_star
D:5:      layout_gridville, jmf_multi_god_temple, lemuel_coloured_pillars_altar,
          trog_antimagical
D:6:      layout_loops_ring, grunt_temple_overflow_order_and_chaos_1
D:7:      minmay_chambers_of_sixes, layout_cave_pools, uniq_maggie,
          uniq_prince_ribbit1
D:8:      layout_basic, grunt_temple_overflow_lords_of_destruction,
          serial_glass, glass_columns_c, glass_columns_b,
          nicolae_concentric_dashed_squares_wild, nzn_random_ring,
          uniq_gastronok, uniq_pikel, uniq_joseph, uniq_grum
D:9:      layout_basic, uniq_maurice
D:10:     layout_cave_pods, overflow_temple_1_default, minmay_circle_x
D:11:     layout_roguey, lair_entry_dummy, minmay_orc_entry_guard_dogs,
          special_room [special_room_orc]
D:12:     layout_irregular_city, serial_shops, kennysheep_mini_moat,
          uniq_frances
D:13:     layout_rooms, grunt_vaults_entry_tiered, gauntlet_entry_generic,
          uniq_nessos
D:14:     layout_basic, hangedman_decor_diamond_cutter, uniq_louise,
          uniq_josephine
D:15:     grunt_enter_depths_hoard, layout_irregular_city, wad_floor_pattern_2
Temple:   nicolae_temple_bog_church
Lair:1:   layout_hall_layers, grunt_megastairs_2
Lair:2:   layout_misc_corridors, nicolae_spider_entry_tight_spaces,
          serial_bayou_shore_b, grunt_megastairs_1
Lair:3:   layout_gridlike, minmay_shoals_entry_hut, gammafunk_ghost_icy,
          infiniplex_staircase_pool, uniq_amaemon
Lair:4:   layout_hall_layers, minmay_slime_entry_jelly_boxes, lemuel_fruit_tree
Lair:5:   guppyfry_lair_end_dragon, layout_cave_pods,
          hangedman_lair_tendril_chambers
Shoals:1: layout_shoals, uniq_kirke
Shoals:2: layout_shoals, serial_shops, nicolae_shop_hallway_stairs, shop, shop,
          shop, nicolae_shop_crystal, uniq_polyphemus
Shoals:3: layout_shoals, uniq_ilsuiw
Shoals:4: shoals_end_simple, layout_shoals, shoals_ilsuiw_ice, serial_shops,
          shop
Spider:1: layout_spider_delve, worms_lemuel
Spider:2: spiders_nest_a, gammafunk_ghost_split
Spider:3: layout_spider_delve
Spider:4: guppyfry_spider_rune
Slime:1:  layout_caves, basic_altar
Slime:2:  layout_caves
Slime:3:  layout_caves
Slime:4:  layout_caves
Slime:5
Orc:1:    layout_caves, serial_shops, shop_fountains
Orc:2:    st_orc_town, layout_diamond_mine, basic_altar, mines_bat_river,
          uniq_rupert
Elf:1:    minmay_elf_arrival_summoners, layout_geoelf_octagon, serial_shops,
          nicolae_shop_temple_entry_statues_fountains, nicolae_lakefront_shop,
          hangedman_corner_corridor, minivault_28, uniq_agnes
Elf:2:    nicolae_elf_blades_crystal_corner, layout_rooms,
          ebering_ghost_reflecting_pool, serial_shops,
          nicolae_shop_temple_entry_statues_fountains
Elf:3:    minmay_elf_hall_dome, layout_geoelf_castle, serial_shops,
          nicolae_square_shop, uniq_mara, uniq_bai_suzhen
Vaults:1: nicolae_vaults_specimen_jars, st_greater_box_5,
          vaults_standard_mumra_enter_the_diamond, vaults_mumra_hex,
          nicolae_vaults_alarming, vaults_room_grunt_arrival_ludios,
          ontoclasm_vaults_decontamination, vaults_dpeg_emergency_exit,
          v_pattern_2, vaults_mumra_lcd, hangedman_vaults_impose,
          vaults_room_semicircle, layout_vaults_omnicross
Vaults:2: vaults_mumra_minichess, serial_ice_g, v_misc_18,
          nicolae_vaults_border_crossing, v_misc_11,
          nicolae_vaults_yaktaur_gun_rack, nicolae_vaults_mini_display_case,
          ontoclasm_vaults_fault, layout_vaults_quadrants, dummy_crypt_entry,
          serial_shops, nicolae_shop_advertising_works
          [nicolae_subvault_shop_adworks], uniq_zenata
Vaults:3: ontoclasm_vaults_claustrophobia, vaults_dpeg_cross, v_misc_11,
          nicolae_vaults_network_quinsquares
          [nicolae_vaults_network_quincunx_subvault,
          nicolae_vaults_network_quincunx_subvault,
          nicolae_vaults_network_quincunx_subvault,
          nicolae_vaults_network_quincunx_subvault],
          nicolae_vaults_little_squares_6, vaults_room_fancy_cross, v_misc_24,
          vaults_dpeg_doors, nicolae_vaults_three_branches, layout_vaults_ring,
          uniq_saint_roka, uniq_boris
Vaults:4: st_cross, hangedman_vaults_nodes, v_alt_pattern_1, v_misc_4,
          v_misc_27, grunt_vaults_swirl, v_misc_12, dpeg_vaults_monster_box,
          nicolae_vaults_little_ls, vaults_room_stairs_pillars,
          vaults_room_hallway, layout_vaults_omnibox
Vaults:5: serial_shops
Crypt:1:  layout_gridlike
Crypt:2:  layout_rooms, uniq_josephina, uniq_xtahua, uniq_margery
Crypt:3:  due_elkab, layout_chaotic_city, nicolae_tomb_entry_grand_gallery,
          hangedman_blasphemy
Tomb:1
Depths:1: nicolae_fronds_of_death, layout_gridlike, enter_ziggurat_c,
          abyss_entry, chequers_serial_rivers_micro_b, grunt_mini_vestibule,
          nicolae_shop_gadgets
Depths:2: hangedman_cross_cluster, layout_honeycomb, hell_entry, fedhas_altar_4,
          rand_demon_pan_entry_9, nicolae_uskayaw_suspiria
Depths:3: minmay_the_grid_triangle_9x9_rhombus_full_mashed
          [minmay_the_grid_triangle_9x9_windchime,
          minmay_the_grid_triangle_9x9_thin_v,
          minmay_the_grid_triangle_9x9_empty,
          minmay_the_grid_triangle_9x9_fully_insulated_deathbox,
          minmay_the_grid_triangle_9x9_swiss_cheese,
          minmay_the_grid_triangle_9x9_sprig,
          minmay_the_grid_triangle_9x9_corruption,
          minmay_the_grid_triangle_9x9_prize_schism], layout_basic, abyss_entry,
          hangedman_decor_clover_reticule, pf_hell_entry_tar_spiral, uniq_jory
Depths:4: grunt_zot_entry_gee_three, layout_gridlike, pf_coc_iceberg,
          minmay_shop_grove
Hell
Dis:1:    layout_gridville
Dis:2:    layout_gridville
Dis:3:    layout_gridville, glass_columns_a
Dis:4:    layout_gridville, glass_columns_b
Dis:5:    hangedman_dis_decor_blocks_talon, layout_subdivisions
Dis:6:    layout_jigsaw
Dis:7:    dis_grunt_layers
Geh:1:    layout_gehenna_lava_caves
Geh:2:    layout_gehenna_pools_triple, hangedman_elemental_corridor
Geh:3:    layout_gehenna_lava_caves
Geh:4:    layout_gehenna_lava_caves
Geh:5:    layout_gehenna_lava_caves
Geh:6:    layout_gehenna_lava_caves
Geh:7:    geh_mu
Coc:1:    layout_ice_bergs
Coc:2:    layout_cocytus_delve
Coc:3:    layout_ice_bergs
Coc:4:    layout_ice_bergs
Coc:6:    layout_ice_bergs
Coc:7:    coc_hangedman
Tar:1:    nicolae_tar_fractal_crypt, layout_cathedral_of_symmetry
Tar:2:    layout_catacombs
Tar:3:    layout_catacombs
Tar:4:    layout_honeycomb, nicolae_tar_cuneiform_sun
Tar:5:    layout_grid_maze
Tar:6:    layout_grid_maze, nicolae_tar_liches_on_tour
Tar:7:    tar_old
Zot:1:    kennysheep_ambush_hall, layout_basic, drop_trap, grunt_ministairs_15,
          grunt_megastairs_3

Skill      XL: |  1  2  3  4  5  6  7  8  9 10 11 12 13 14 15 16 17 18 19 20 21 22 23 24 25 26 27 |
---------------+----------------------------------------------------------------------------------+-----
Spellcasting   | 4 5 6 7 8 9 13 15 16 17 19 20 22 27 | 27.0
Fighting       | 7 11 14 17 18 19 23 24 27 | 27.0
Shields        | 4 5 22 | 22.1
Invocations    | 5 9 13 15 16 17 27 | 27.0
Dodging        | 8 13 14 18 19 22 23 27 | 27.0
Evocations     | 2 10 | 10.0
Armour         | 2 8 21 | 21.1
Stealth        | |  1.5

Action                     |  1- 3 |  4- 6 |  7- 9 | 10-12 | 13-15 | 16-18 | 19-21 | 22-24 | 25-27 || total
---------------------------+-------+-------+-------+-------+-------+-------+-------+-------+-------++-------
  Melee: Staff             |     3 |     7 |     1 |     3 |       |       |       |       |       ||    14
         Quarterstaff      |       |     5 |     5 |       |       |       |       |       |       ||    10
         Long sword        |       |       |     9 |       |       |       |       |       |       ||     9
         Sling             |       |       |       |       |       |     1 |       |       |       ||     1
         Double sword      |       |       |       |       |       |       |    60 |   101 |    71 ||   232
         Peck              |       |       |       |       |       |       |       |       |     3 ||     3
   Fire: Sling             |       |       |       |   133 |   360 |   286 |   132 |       |       ||   911
   Cast: Freeze            |    51 |    10 |       |     8 |     4 |    69 |    17 |    10 |     6 ||   175
         Necrotise         |    23 |   118 |    71 |     7 |     4 |     5 |    18 |     7 |     1 ||   254
         Frozen Ramparts   |     1 |     7 |    13 |    28 |    46 |    61 |    32 |    23 |    11 ||   222
         Ozocubu's Armour  |       |     2 |     1 |    15 |    25 |    37 |    28 |    22 |    37 ||   167
         Stone Arrow       |       |       |    57 |   135 |   168 |   133 |    48 |    47 |   209 ||   797
         Summon Ice Beast  |       |       |    11 |     6 |     2 |    15 |    14 |    12 |    12 ||    72
         Cause Fear        |       |       |       |     3 |     4 |     1 |       |     1 |       ||     9
         Borgnjor's Vile C |       |       |       |       |    90 |   113 |   173 |   106 |   117 ||   599
         Animate Dead      |       |       |       |       |     9 |     8 |    11 |     4 |     5 ||    37
         Eringya's Noxious |       |       |       |       |    24 |    31 |    30 |    16 |    15 ||   116
         Summon Hydra      |       |       |       |       |       |    35 |    72 |    82 |    71 ||   260
         Death Channel     |       |       |       |       |       |       |    17 |     9 |     5 ||    31
         Haunt             |       |       |       |       |       |       |    46 |   110 |   117 ||   273
         Ozocubu's Refrige |       |       |       |       |       |       |       |   166 |  1912 ||  2078
         Chain Lightning   |       |       |       |       |       |       |       |       |  1075 ||  1075
         Polar Vortex      |       |       |       |       |       |       |       |       |    21 ||    21
 Invoke: Greater Servant o |       |       |       |       |       |       |       |     1 |     4 ||     5
Ability: Evoke Blink       |       |       |       |       |       |       |       |       |     5 ||     5
  Evoke: Wand              |       |       |       |       |       |       |       |       |    13 ||    13
         Phantom mirror    |       |       |       |       |       |       |       |       |     3 ||     3
         Box of beasts     |       |       |       |       |       |       |       |       |     2 ||     2
    Use: Scroll            |       |     3 |     4 |     2 |    23 |     3 |     4 |     6 |    23 ||    68
         Potion            |       |       |       |       |     2 |     1 |       |     5 |    89 ||    97
   Stab: Sleeping          |     1 |       |     1 |       |       |       |       |       |       ||     2
         Distracted        |       |       |       |       |       |       |     1 |     3 |     2 ||     6
 Armour: Robe              |     9 |    16 |     5 |    30 |    68 |   160 |    74 |    88 |    24 ||   474
         Leather armour    |       |       |       |       |       |       |       |       |   138 ||   138
         Troll leather arm |       |       |       |       |       |       |       |       |    95 ||    95
  Dodge: Dodged            |    29 |    20 |    16 |    87 |   312 |   511 |   369 |   369 |   945 ||  2658
  Block: Buckler           |       |       |       |    28 |   115 |   133 |   109 |   125 |   236 ||   746
         Kite shield       |       |       |       |       |       |       |       |       |   266 ||   266

Table legend: (Time is in decaauts)
 A = Elapsed time spent in this place.
 B = Non-inter-level travel time spent in this place.
 C = Inter-level travel time spent in this place.
 D = Time resting spent in this place.
 E = Time spent auto-exploring this place.
 F = Levels seen in this place.
 G = Mean time per level.
                   A        B        C        D        E       F      G
               +--------+--------+--------+--------+--------+-----+--------+
         Total |  76733 |  65511 |  11222 |  14663 |  30203 | 105 |  730.8 |
       Dungeon |  17300 |  14094 |   3206 |   3712 |   7778 |  15 | 1153.3 |
        Temple |    134 |    115 |     19 |      0 |    104 |   1 |  134.0 |
          Lair |   6585 |   5599 |    986 |    881 |   2990 |   5 | 1317.0 |
        Shoals |   4064 |   3690 |    374 |    486 |   2258 |   4 | 1016.0 |
   Spider Nest |   4039 |   3796 |    243 |    779 |   1660 |   4 | 1009.8 |
    Slime Pits |   2707 |   2314 |    393 |    246 |   1552 |   5 |  541.4 |
  Orcish Mines |   2148 |   1811 |    337 |    237 |   1056 |   2 | 1074.0 |
   Elven Halls |   4627 |   3899 |    728 |   1077 |   1535 |   3 | 1542.3 |
        Vaults |   8577 |   7127 |   1450 |   1139 |   3777 |   5 | 1715.4 |
         Crypt |   2666 |   2454 |    212 |    185 |   1768 |   3 |  888.7 |
          Tomb |    604 |    498 |    106 |    188 |      0 |   1 |  604.0 |
        Depths |   6018 |   4896 |   1122 |    824 |   2870 |   4 | 1504.5 |
          Hell |    988 |    695 |    293 |    212 |    310 |   1 |  988.0 |
           Dis |   2276 |   1967 |    309 |   1185 |     16 |   7 |  325.1 |
       Gehenna |   1660 |   1221 |    439 |    385 |    138 |   7 |  237.1 |
       Cocytus |   2057 |   1617 |    440 |    902 |      0 |   6 |  342.8 |
      Tartarus |   1631 |   1243 |    388 |    543 |      3 |   7 |  233.0 |
           Zot |    473 |    303 |    170 |    145 |      0 |   1 |  473.0 |
         Abyss |    641 |    641 |      0 |     13 |     26 |   5 |  128.2 |
   Pandemonium |   6580 |   6580 |      0 |   1378 |   2058 |  17 |  387.1 |
         Sewer |    489 |    489 |      0 |    105 |    171 |   1 |  489.0 |
      Gauntlet |    460 |    460 |      0 |     38 |    133 |   1 |  460.0 |
               +--------+--------+--------+--------+--------+-----+--------+

Top non-repeatable levels by time:
     D:9: 3515 daAuts
   Elf:3: 2090 daAuts
Vaults:1: 1922 daAuts
Vaults:2: 1744 daAuts
Vaults:3: 1687 daAuts
Vaults:5: 1683 daAuts
   Orc:2: 1611 daAuts
 Crypt:3: 1589 daAuts
Depths:4: 1572 daAuts
Depths:2: 1549 daAuts
Vaults:4: 1540 daAuts
   Dis:7: 1533 daAuts
   Coc:7: 1530 daAuts
  Lair:3: 1493 daAuts
   Elf:1: 1487 daAuts
